 Dungeon Crawl Stone Soup version 0.29.1-1-gd02db6906a (webtiles) character file.

Game seed: 9511628496334247019

244 warriortoast the Conjurer (level 5, 0/28 HPs)
             Began as a Deep Elf Conjurer on Oct 11, 2022.
             Killed by divine providence
             ... invoked by an orc priest
              (14 damage)
             ... on level 3 of the Dungeon.
             The game lasted 00:05:55 (4246 turns).

warriortoast the Conjurer (Deep Elf Conjurer)       Turns: 4246, Time: 00:05:56

Health: 0/28       AC: 11    Str:  4    XL:     5   Next: 83%
Magic:  5/15       EV: 12    Int: 25    God:
Gold:   200        SH:  0    Dex: 13    Spells: 5/15 levels left

rFire   . . .      SeeInvis .   g - +1 dagger (protect)
rCold   . . .      Faith    .   (no shield)
rNeg    . . .      Spirit   .   a - +0 robe
rPois   .          Reflect  .   (no helmet)
rElec   .          Harm     .   (no cloak)
rCorr   +          Rampage  .   l - +0 pair of gloves
Will    .....                   r - +0 pair of boots
Stlth   ++........              (no amulet)
HPRegen 0.09/turn               h - ring of resist corrosion
MPRegen 0.14/turn               (no ring)

@: under a protective aura
A: no striking features
a: no special abilities


You were on level 3 of the Dungeon.
You visited 1 branch of the dungeon, and saw 5 of its levels.

You collected 200 gold pieces.

Inventory:

Hand Weapons
 g - a +1 dagger of protection (weapon)
Armour
 a - a +0 robe (worn)
 l - a +0 pair of gloves (worn)
 r - a +0 pair of boots (worn)
Magical Staves
 k - a staff of air
 o - a staff of fire
Jewellery
 h - a ring of resist corrosion (left hand)
Wands
 v - a wand of charming (12)
Scrolls
 j - a scroll of teleportation {unknown}
 n - 3 scrolls of identify {unknown}
 p - a scroll of fog {unknown}
 q - a scroll of fear {unknown}
 t - a scroll of poison {unknown}
 w - a scroll of brand weapon {unknown}
Potions
 b - a potion of magic
 c - a potion of flight {unknown}
 d - a potion of degeneration {unknown}
 e - a potion of brilliance {unknown}
 f - 2 potions of curing {unknown}
 i - a potion of mutation {unknown}
 m - 2 potions of haste {unknown}
 s - a potion of berserk rage {unknown}
 u - 2 potions of attraction {unknown}
 x - a potion of resistance


   Skills:
 - Level 2.4 Dodging
 - Level 2.4 Stealth
 + Level 5.6 Spellcasting
 + Level 5.9 Conjurations
 + Level 3.4 Hexes


You had 5 spell levels left.
You knew the following spells:

 Your Spells              Type           Power      Damage    Failure   Level
a - Magic Dart            Conj           100%       1d8       1%          1
b - Dazzling Flash        Conj/Hex       60%        N/A       3%          3
c - Fulminant Prism       Conj/Hex       15%        3d11      11%         4
d - Blink                 Tloc           14%        N/A       12%         2

Your spell library contained the following spells:

 Spells                   Type           Power      Damage    Failure   Level
 Searing Ray              Conj           72%        2d7       1%          2
 Necrotise                Necr           28%        1d5       8%          1
 Portal Projectile        Hex/Tloc       30%        N/A       12%         3
 Iskenderun's Mystic Bla  Conj/Tloc      21%        2d6       22%         4
 Call Canine Familiar     Summ           7%         N/A       24%         3
 Lesser Beckoning         Tloc           7%         N/A       24%         3
 Vampiric Draining        Necr           7%         2d6       24%         3
 Leda's Liquefaction      Hex/Erth       7%         N/A       36%         4
 Agony                    Necr           7%         N/A       91%         5
 Manifold Assault         Tloc           7%         N/A       91%         5


Dungeon Overview and Level Annotations

Branches:
Dungeon (5/15)
 Temple: D:4-7

Altars:

Shops:
D:3 (

Annotations:
D:3 3 runed translucent doors, Godmorgon's ghost, weakling TeCj


Message History

You see here a +0 leather armour.
Found a stone staircase leading down.
n - 3 scrolls labelled ICICWEK MOUMN (gained 1)
An orc comes into view. It is wielding a +0 dagger.
The magic dart hits the orc.
The orc is heavily wounded.
The orc shouts!
You hear a shout!
The magic dart hits the orc.
The orc is almost dead.
The orc hits you but does no damage.
An orc comes into view. It is wielding a +0 war axe.
The magic dart hits the orc.
You kill the orc!
The magic dart hits the orc but does no damage.
An orc priest comes into view. It is wielding a +0 mace.
The magic dart hits the orc.
The orc is lightly wounded.
The magic dart hits the orc.
The orc is heavily wounded.
The orc hits you with a +0 war axe.
The magic dart hits the orc but does no damage.
The orc is heavily wounded.
The orc misses you.
The magic dart hits the orc.
The orc is heavily wounded.
The orc priest completely misses you. The orc hits you with a +0 war axe.
Casting: Magic Dart (safe; 1% risk of failure)
Confirm with . or Enter, or press ? or * to list all spells.
Casting: Dazzling Flash (dangerous; 3% risk of failure)
Press: ? - help, Dir - look around, f - activate The orc is dazzled.
The orc priest is dazzled.
The orc priest mumbles some strange prayers to Beogh against you.
Pain shoots through your body! The orc hits you with a +0 war axe.
You hit the orc priest.
Your weapon exudes an aura of protection.
The orc priest is moderately wounded.
The orc priest invokes the aid of Beogh against you.
Beogh smites you!
Ouch! That really hurt!
You die...

## ##8## ....#
##########o.##
#>.......@o..#
##.#.###.#).## #...#
###....# ##..# ##8##
##.#####################
#......................
#.#######.#############
#.# #...## ..# ###..##


You could see an orc priest (blind) and an orc (blind).

Vanquished Creatures
  An ogre (D:3)
  A hound (D:3)
  Natasha (thrice) (D:2)
  A dart slug (D:1)
  An orc (D:3)
  4 endoplasms
  2 giant cockroaches
  4 goblins
  3 hobgoblins
  3 jackals (D:3)
  4 kobolds
  2 quokkas (D:2)
  6 ball pythons
  9 bats
  7 frilled lizards
  5 rats
56 creatures vanquished.

Notes
Turn   | Place    | Note
-------+----------+-------------------------------------------
     0 | D:1      | warriortoast the Deep Elf Conjurer began the quest for the
                  | Orb.
     0 | D:1      | Reached XP level 1. HP: 10/10 MP: 6/6
   541 | D:1      | Reached XP level 2. HP: 15/15 MP: 4/8
  1558 | D:2      | Noticed a golden eye
  1561 | D:2      | Reached skill level 5 in Conjurations
  1561 | D:2      | Reached XP level 3. HP: 19/19 MP: 7/10
  1590 | D:2      | Learned a level 3 spell: Dazzling Flash
  1623 | D:2      | Found a faded altar of an unknown god.
  1625 | D:2      | Noticed a shining eye
  1625 | D:2      | Noticed a great orb of eyes
  1625 | D:2      | Noticed a great orb of eyes
  2042 | D:2      | Noticed Natasha
  2047 | D:2      | Killed Natasha
  2048 | D:2      | Reached skill level 1 in Hexes
  2573 | D:2      | Noticed Natasha
  2579 | D:2      | Killed Natasha
  2580 | D:2      | Reached XP level 4. HP: 5/24 MP: 5/12
  2928 | D:2      | Noticed Natasha
  2959 | D:2      | Killed Natasha
  3094 | D:3      | Found Veagh's Antique Weapon Boutique.
  3201 | D:3      | Reached skill level 5 in Spellcasting
  3201 | D:3      | Reached XP level 5. HP: 20/28 MP: 5/14
  3318 | D:3      | Learned a level 4 spell: Fulminant Prism
  3321 | D:3      | Learned a level 2 spell: Blink
  3492 | D:3      | You fall into a shaft and drop 2 floors!
  3492 | D:5      | Entered Level 5 of the Dungeon
  3568 | D:3      | Noticed an ogre
  4000 | D:3      | Killed an ogre
  4128 | D:3      | Noticed Godmorgon's ghost (weakling TeCj)
  4193 | D:3      | Found a runed translucent gate.
  4193 | D:3      | Found a runed translucent gate.
  4193 | D:3      | Found a runed translucent gate.
  4246 | D:3      | Killed from afar by an orc priest

Illustrated notes

Levels and vault maps discovered:
D:1:      saegor_arrival_simple_a, layout_basic, serial_co_window_serial,
          co_window_paths_a, co_window_corner_a, co_window_of_opportunity_a,
          co_window_paths_a, co_window_corner_a, co_window_of_opportunity_b,
          co_window_cross_4, co_window_broadway_b, co_window_sun,
          co_window_4corner_b, glass_columns_b, glass_columns_a,
          glass_columns_b, minmay_stone_trees_medium, minmay_misc_feat_room
D:2:      layout_basic, hellmonk_ecumenical_altar_watching_god,
          hangedman_decor_clover_reticule, grunt_decor_mini_mirrors,
          minmay_liquid_box, wander_ebering_terrifying_dragon_lair, uniq_natasha
D:3:      layout_basic, serial_shops, nicolae_shop_statue_plus,
          gammafunk_ghost_necromancy, chequers_serial_rivers_small_3,
          pf_guarded_unrand_meek
D:4:      layout_basic, nicolae_overflow_hidden_temple,
          mainiacjoe_overflow_boulevard, nicolae_overflow_two_pavilions,
          minmay_temple_entry_overgrown, minmay_misc_feat_cross,
          minmay_checkerbox
D:5:      layout_rooms, general_overflow_altar, mainiacjoe_overflow_alcove_2,
          cheibrodos_worm_habitat

Skill      XL: |  1  2  3  4  5 |
---------------+----------------+-----
Spellcasting   | 4 5 |  5.6
Conjurations   | 5 |  5.9
Hexes          | 1 2 3 |  3.4
Dodging        | |  2.4
Stealth        | |  2.4

Action                   |  1- 3 |  4- 6 || total
-------------------------+-------+-------++-------
Melee: Dagger            |       |     1 ||     1
 Cast: Magic Dart        |    62 |    47 ||   109
       Dazzling Flash    |       |     2 ||     2
Armor: Robe              |     1 |     2 ||     3
Dodge: Dodged            |     2 |    10 ||    12
